 Dungeon Crawl Stone Soup version 0.24.0-2-g5b39cebb1c (webtiles) character file.

Game seed: 1962980719772379408, levelgen mode: deterministic

3588 MTVSty1e the Spear-Bearer (level 10, -4/70 HPs)
             Began as a Formicid Fighter on Oct 30, 2019.
             Was a Priest of Okawaru.
             Slain by a two-headed ogre
             ... wielding a +0 giant spiked club
              (14 damage)
             ... on level 8 of the Dungeon.
             The game lasted 00:13:42 (7099 turns).

MTVSty1e the Spear-Bearer (Formicid Fighter)        Turns: 7099, Time: 00:13:43

Health: -4/70      AC: 14    Str: 25    XL:     10   Next: 31%
Magic:  10/10      EV:  5    Int:  7    God:    Okawaru [***...]
Gold:   550        SH: 10    Dex: 16    Spells: 9/9 levels left

rFire    + . .     SeeInvis +   a - +1 trident (freeze)
rCold    x . .     Gourm    .   c - +0 shield
rNeg     . . .     Faith    .   j - +1 plate armour
rPois    .         Spirit   .   (helmet unavailable)
rElec    .         Reflect  .   w - +0 cloak
rCorr    .         Harm     .   E - +0 pair of gloves
MR       +....                  (no boots)
Stlth    ..........             (no amulet)
HPRegen  0.21/turn              g - +6 ring of dexterity
MPRegen  0.12/turn              l - ring of fire

@: no status effects
A: permanent stasis, dig shafts and tunnels, four strong arms, antennae 3
a: Dig, Shaft Self, Heroism, Renounce Religion


You were on level 8 of the Dungeon.
You worshipped Okawaru.
Okawaru was most pleased with you.
You were very hungry.

You visited 2 branches of the dungeon, and saw 9 of its levels.
You also visited: Ossuary.

You collected 550 gold pieces.

Inventory:

Hand Weapons
 a - a +1 trident of freezing (weapon)
Armour
 c - a +0 shield (worn)
 j - a +1 plate armour (worn)
 w - a +0 cloak (worn)
 E - a +0 pair of gloves (worn)
Jewellery
 g - a +6 ring of dexterity (left hand)
 i - an uncursed ring of wizardry
 l - a ring of fire (right hand)
Wands
 m - a wand of disintegration (10)
 r - a wand of random effects (18)
 s - a wand of polymorph (9)
 v - a wand of iceblast (13)
Scrolls
 k - 3 scrolls of noise
 n - 2 scrolls of fear {unknown}
 p - a scroll of enchant weapon
 q - 2 scrolls of magic mapping
 t - 7 scrolls of identify
 u - 9 scrolls of remove curse
 x - 2 scrolls of fog
 y - a scroll of amnesia {unknown}
 B - a scroll of random uselessness {unknown}
 C - 2 scrolls of enchant armour
Potions
 d - 2 potions of flight
 e - a potion of agility
 h - 4 potions of curing
 o - a potion of mutation {unknown}
 z - 2 potions of haste {unknown}
 A - 2 potions of resistance
 D - a potion of magic {unknown}
Comestibles
 f - 8 rations


   Skills:
 - Level 3.2 Fighting
 * Level 13.7 Polearms
 - Level 3.2 Armour
 - Level 3.6 Shields


You had 9 spell levels left.
You didn't know any spells.
Your spell library contained the following spells:

 Spells                   Type           Power        Failure   Level  Hunger
 Infusion                 Chrm           #...         100%        1    ##.....
 Magic Dart               Conj           #...         100%        1    ##.....
 Call Imp                 Summ           #.......     100%        2    ###....
 Shroud of Golubria       Chrm/Tloc      #.....       100%        2    ###....
 Slow                     Hex            #.......     100%        2    ###....
 Song of Slaying          Chrm           #.......     100%        2    ###....
 Conjure Flame            Conj/Fire      #.......     100%        3    ####...
 Mephitic Cloud           Conj/Pois/Air  #.......     100%        3    ####...
 Regeneration             Chrm/Necr      #.........   100%        3    ####...
 Spectral Weapon          Hex/Chrm       #.......     100%        3    ####...
 Blink                    Tloc           Unusable     N/A         2    N/A

Dungeon Overview and Level Annotations

Branches:
Dungeon (8/15)             Temple (1/1) D:4         Ossuary (visited)
   Lair: D:8-11

Altars:
Ashenzari
Cheibriados
Dithmenos
Elyvilon
Fedhas
Gozag
Hepliaklqana
Kikubaaqudgha
Makhleb
Nemelex Xobeh
Okawaru
Qazlal
Ru
Sif Muna
Trog
Uskayaw
Vehumet
Wu Jian
Xom
Yredelemnul
Zin
The Shining One

Shops:
D:4 *

Annotations:
D:5 3 runed translucent doors, Arum's ghost, novice FoFi


Innate Abilities, Weirdness & Mutations

You cannot be hasted, slowed, berserked, paralysed or teleported.
You can dig through walls and to a lower floor.
Your four strong arms can wield two-handed weapons with a shield.
You have a pair of large antennae on your head. (SInv)


Message History

You hit the two-headed ogre. You freeze the two-headed ogre.
The two-headed ogre is moderately wounded.
Your plate armour prevents you from hitting the two-headed ogre.
The two-headed ogre is moderately wounded.
The two-headed ogre hits you with a +0 giant spiked club!
The two-headed ogre completely misses you.
You are too injured to fight recklessly!
You are too injured to fight recklessly!
You are too injured to fight recklessly!
You are too injured to fight recklessly!
You are too injured to fight recklessly!
You are too injured to fight recklessly!
You are too injured to fight recklessly!
Okay, then.
Are you sure you want to shaft yourself?
You are feeling very hungry.
The two-headed ogre hits you with a +0 giant spiked club!!
* * * LOW HITPOINT WARNING * * *
The two-headed ogre hits you with a cursed -2 giant spiked club!
You die...

#.# ### # #.# #.. ....# #)# #.#
.#.### #)# #.# ..?.. #.# #.#
#... #.# # ##.## #..#
#.##########.##...## #..# #
#..........#.#.....####..#.###..
##########.#....@O......$.......
#.###....###!##.#######
#......#.# #.##.#
#######..###.##.# #.........#
###########


You could see a two-headed ogre.

Vanquished Creatures
  Harold (D:8)
  2 hippogriffs
  Duvessa (D:6)
  An ice beast (D:5)
  A sky beast (D:5)
  A necrophage (D:8)
  5 ogres
  2 centaurs (D:6)
  An elf zombie (Ossuary)
  Dowan (D:6)
  A scorpion (D:5)
  6 killer bees (D:7)
  A bullfrog zombie (D:6)
  4 centaur zombies (Ossuary)
  A human zombie (Ossuary)
  3 hounds
  A quasit (D:8)
  A jelly (D:7)
  3 orc priests
  A centaur skeleton (D:4)
  6 orc wizards
  3 worker ants
  An ogre zombie (Ossuary)
  A hound skeleton (D:7)
  7 mummies (Ossuary)
  A howler monkey zombie (D:5)
  A worker ant zombie (D:6)
  5 adders
  9 river rats (D:5)
  3 shadow imps
  An ooze (D:2)
  An adder skeleton (D:4)
  2 adder zombies (Ossuary)
  2 worms (D:3)
  A dart slug (D:2)
  5 leopard geckos
  18 orcs
  6 giant cockroaches
  A gnoll zombie (Ossuary)
  13 goblins
  5 hobgoblins
  12 kobolds
  14 quokkas
  3 ball pythons
  8 bats
  6 frilled lizards
  2 goblin zombies (Ossuary)
  3 hobgoblin zombies (Ossuary)
  A jackal zombie (D:6)
  8 kobold zombies (Ossuary)
  A leopard gecko skeleton (D:5)
  3 quokka zombies (Ossuary)
  21 rats
  4 rat zombies (Ossuary)
216 creatures vanquished.

Vanquished Creatures (others)
  A leopard gecko (D:3)
1 creature vanquished.

Grand Total: 217 creatures vanquished

Notes
Turn   | Place    | Note
-------+----------+-------------------------------------------
     0 | D:1      | MTVSty1e the Formicid Fighter began the quest for the Orb.
     0 | D:1      | Reached XP level 1. HP: 18/18 MP: 1/1
    89 | D:1      | Reached XP level 2. HP: 22/24 MP: 2/2
   431 | D:1      | Reached skill level 3 in Polearms
   529 | D:1      | Reached XP level 3. HP: 29/29 MP: 3/3
   970 | D:2      | You fall into a shaft and drop 2 floors!
   981 | D:4      | Noticed an ogre
   997 | D:4      | Reached skill level 4 in Polearms
   997 | D:4      | Reached XP level 4. HP: 34/35 MP: 4/4
  1006 | D:4      | Reached XP level 5. HP: 33/41 MP: 5/5
  1009 | D:4      | Killed an ogre
  1009 | D:4      | Reached skill level 5 in Polearms
  1134 | D:4      | Identified the +8 war axe of the Sun {elec, Int+7}
  1149 | D:4      | Reached XP level 6. HP: 38/47 MP: 6/6
  1153 | D:4      | Reached skill level 6 in Polearms
  1357 | D:4      | Found a white marble altar of Elyvilon.
  1385 | D:4      | Found a sand-covered staircase.
  1391 | Ossuary  | Entered an ossuary
  1460 | Ossuary  | Reached XP level 7. HP: 42/52 MP: 7/7
  1541 | Ossuary  | Reached skill level 7 in Polearms
  1815 | Ossuary  | Reached skill level 8 in Polearms
  2075 | D:4      | Found a staircase to the Ecumenical Temple.
  2085 | Temple   | Entered the Ecumenical Temple
  2100 | Temple   | Became a worshipper of Warmaster Okawaru
  2184 | D:4      | You fall into a shaft and drop 3 floors!
  2250 | D:7      | Noticed a hippogriff
  2259 | D:7      | Killed a hippogriff
  2259 | D:7      | Reached skill level 9 in Polearms
  2259 | D:7      | Reached XP level 8. HP: 46/58 MP: 8/8
  2713 | D:7      | Found a burning altar of Makhleb.
  2760 | D:7      | Reached * piety under Okawaru
  2760 | D:7      | Reached skill level 10 in Polearms
  2978 | D:5      | Entered Level 5 of the Dungeon
  3031 | D:5      | Reached XP level 9. HP: 60/64 MP: 9/9
  3309 | D:5      | Reached skill level 11 in Polearms
  3467 | D:5      | Noticed Arum's ghost (novice FoFi)
  3470 | D:5      | Found a shattered altar of Ashenzari.
  3581 | D:5      | Found a bloodstained altar of Trog.
  3645 | D:5      | Found a runed translucent gate.
  3645 | D:5      | Found a runed translucent gate.
  3645 | D:5      | Found a runed translucent gate.
  3720 | D:5      | Found a stormy altar of Qazlal.
  3949 | D:4      | Found an opulent altar of Gozag.
  3962 | D:4      | Found Gozag's Platinum Reserve.
  4219 | D:4      | Reached ** piety under Okawaru
  4457 | D:3      | Found a sparkling altar of Nemelex Xobeh.
  4872 | D:3      | Identified the +2 helmet of Vedy {rN++} (You found it on
                  | level 3 of the Dungeon)
  5004 | D:3      | Found a radiant altar of Vehumet.
  5464 | D:6      | Reached skill level 12 in Polearms
  5979 | D:6      | Noticed Duvessa
  5980 | D:6      | Noticed Dowan
  6001 | D:6      | Killed Duvessa
  6008 | D:6      | Killed Dowan
  6548 | D:7      | Found a shimmering altar of Xom.
  6656 | D:7      | Found a blossoming altar of Fedhas.
  6659 | D:7      | Found a hazy altar of Hepliaklqana.
  6662 | D:7      | Found a glowing golden altar of the Shining One.
  6816 | D:8      | Noticed a hippogriff
  6818 | D:8      | Noticed Harold
  6826 | D:8      | Killed a hippogriff
  6826 | D:8      | Reached XP level 10. HP: 45/70 MP: 10/10
  6842 | D:8      | Killed Harold
  6842 | D:8      | Reached *** piety under Okawaru
  6842 | D:8      | Reached skill level 13 in Polearms
  7078 | D:8      | Noticed a two-headed ogre
  7099 | D:8      | Slain by a two-headed ogre

Levels and vault maps discovered:
D:1:      dpeg_arrival_leaves_temple_mockup, layout_rooms,
          minmay_misc_feat_doors, chequers_serial_rivers_room_a
D:2:      layout_rooms, first_ration, kennysheep_cross_room
D:3:      minmay_octagon_keep, layout_basic, nicolae_overflow_hidden_temple,
          fiery_altar_vehumet
D:4:      layout_cave_pools, lemuel_crystal_altar,
          nicolae_gozag_zags_fifth_avenue, minmay_temple_entry_poolview,
          enter_ossuary_5
D:5:      lemuel_ratsnest, layout_basic, ashenzari_conservatory_becter,
          nicolae_qazlal_style_of_elements, lemuel_crystal_altar,
          gammafunk_ghost_icy
D:6:      layout_basic, minmay_misc_feat_room, uniq_duvessa
D:7:      layout_rooms, nicolae_overflow_crystal_walls,
          grunt_temple_overflow_diamond, lemuel_crystal_altar,
          nicolae_underground_beach
D:8:      layout_loops_ring, blue_anna_alchemist [blue_anna_fruit_fields,
          blue_anna_fruit_fields], kennysheep_generic_room_2, uniq_harold
Temple:   compressed_dpeg_circular_temple

Skill      XL: |  1  2  3  4  5  6  7  8  9 10 |
---------------+-------------------------------+-----
Polearms       | 3 4 5 6 9 10 12 13 | 13.7
Fighting       | |  3.2
Armour         | |  3.2
Shields        | |  3.6

Action                   |  1- 3 |  4- 6 |  7- 9 | 10-12 || total
-------------------------+-------+-------+-------+-------++-------
Melee: Trident           |   137 |    72 |   577 |    42 ||   828
 Abil: Dig               |     1 |       |       |       ||     1
       Shaft Self        |       |       |       |     1 ||     1
  Use: Scroll            |     5 |       |     6 |       ||    11
       Potion            |       |     1 |     7 |       ||     8
 Stab: Invisible         |       |       |     2 |       ||     2
  Eat: Ration            |       |     1 |     4 |       ||     5
       Chunk             |       |       |     3 |       ||     3
Armor: Scale mail        |    55 |    15 |       |       ||    70
       Plate armour      |       |     6 |   149 |    10 ||   165
Dodge: Dodged            |    47 |    17 |    75 |     3 ||   142
Block: Shield            |    65 |    21 |   186 |    10 ||   282
